 Dungeon Crawl Stone Soup version 0.29.1-15-g9cfb28693d (webtiles) character file.

Game seed: 13443324087061899493

5 hawla the Chiller (level 2, -3/20 HPs)
             Began as a Meteoran Ice Elementalist on Apr 13, 2023.
             Slain by a scorpion (5 damage)
             ... on level 4 of the Dungeon.
             The game lasted 00:01:50 (168 turns).

hawla the Chiller (Meteoran Ice Elementalist)        Turns: 168, Time: 00:01:51

Health: -3/20      AC:  2    Str:  9    XL:     2   Next: 5%
Magic:  7/7        EV: 12    Int: 16    God:
Gold:   46         SH:  0    Dex: 14    Spells: 6/7 levels left

rFire   . . .      SeeInvis .   (no weapon)
rCold   . . .      Faith    .   (no shield)
rNeg    . . .      Spirit   .   a - +0 robe
rPois   .          Reflect  .   (no helmet)
rElec   .          Harm     .   (no cloak)
rCorr   .          Rampage  .   (no gloves)
Will    .....                   (no boots)
Stlth   +.........              (no amulet)
HPRegen 0.06/turn               (no ring)
MPRegen 0.10/turn               (no ring)

@: lethally poisoned (-3 -> -18), silenced, glowing
A: sense surroundings 1, otherworldly, glowing, explore regen
a: no special abilities


You were on level 4 of the Dungeon.
You visited 1 branch of the dungeon, and saw 4 of its levels.

You collected 46 gold pieces.

Inventory:

Armour
 a - a +0 robe (worn)
Scrolls
 f - a scroll of noise {unknown}
Potions
 b - a potion of magic
 e - a potion of attraction


   Skills:
 + Level 2.4 Dodging
 - Level 1.4 Stealth
 + Level 3.0 Spellcasting
 + Level 4.5 Ice Magic


You had 6 spell levels left.
You knew the following spells:

 Your Spells              Type           Power      Damage    Failure   Level
a - Freeze                Ice            68%        1d8       2%          1

Your spell library contained the following spells:

 Spells                   Type           Power      Damage    Failure   Level
 Frozen Ramparts          Ice            34%        1d6       9%          3
 Ozocubu's Armour         Ice            17%        N/A       9%          3
 Sandblast                Erth           4%         2d4       19%         1
 Summon Small Mammal      Summ           8%         N/A       19%         1
 Passwall                 Tmut/Erth      1%         N/A       28%         2
 Call Canine Familiar     Summ           2%         N/A       50%         3
 Stone Arrow              Conj/Erth      4%         3d7       50%         3
 Summon Guardian Golem    Hex/Summ       2%         N/A       50%         3
 Hailstorm                Conj/Ice       9%         3d4       58%         4
 Animate Dead             Necr           2%         N/A       88%         4
 Haunt                    Necr/Summ      1%         N/A       100%        7
 Infestation              Necr           1%         N/A       100%        8


Dungeon Overview and Level Annotations

Branches:
Dungeon (4/15) Zot: 2232
 Temple: D:4-7

Altars:


Innate Abilities, Weirdness & Mutations

You passively map a small area around you.
You are easily found by Zot.
You glow in the dark.
You regain HP and MP as you explore.


Message History

You add the spells Summon Small Mammal, Call Canine Familiar and Summon Guardian Golem to your library.
There is a stone staircase leading down here.
You climb downwards.
Found a leather armour.
Found an escape hatch in the floor.
There is a stone staircase leading up here.
Okay, then.
Found 11 gold pieces.
There is an escape hatch in the floor here.
You now have 46 gold pieces (gained 11).
There is an escape hatch in the floor here.
You slide downwards.
The hatch slams shut behind you.
The orc shouts!
As you read the scroll labelled LAOPSI ATATAOC, it crumbles to dust.
It is a scroll of identify.
e - a potion of attraction The endoplasm quivers.
An orc comes into view. It is wielding a +0 whip.
As you read the scroll labelled MYARHYO FELL, it crumbles to dust.
A profound silence engulfs you.
It was a scroll of silence.
A kobold comes into view. It is wielding a +0 short sword.
The scorpion attacks as you move away! The scorpion closely misses you.
An endoplasm comes into view.
The endoplasm quivers.
The endoplasm moves out of view.
The scorpion attacks as you move away! The scorpion stings you.
An endoplasm comes into view.
The endoplasm quivers.
The scorpion closely misses you.
Okay, then.
Magic scrolls do not work when you're silenced!
Unknown command.
The scorpion stings you. The scorpion attacks as you move away!
The scorpion stings you.
Found a glowing clear potion.
The scorpion stings you!
* * * LOW HITPOINT WARNING * * *
You are lethally poisoned!
The scorpion poisons you! The scorpion attacks as you move away!
The scorpion stings you.
You die...

,
##......................
,
..........K.............
...............##...##..
, ...............#*#..#
#. ,
.......ooJ.........##
..#.........#..... ., ,
##.##J..###...... , ,#
#sJ.##....... * *
#@.....!.#.. ,#.......#
, ....##.## , ........#
* , .......... * *
##......#..., , *
##.##..###. , .. ... * ,
, ,,


You could see a scorpion, 2 orcs, 3 endoplasms and a kobold.

Vanquished Creatures
  A ball python (D:2)
  A giant cockroach (D:2)
  A goblin (D:2)
  A bat (D:2)
  A kobold (D:2)
5 creatures vanquished.

Notes
Turn   | Place    | Note
-------+----------+-------------------------------------------
     0 | D:1      | hawla the Meteoran Ice Elementalist began the quest for the
                  | Orb.
     0 | D:1      | Reached XP level 1. HP: 14/14 MP: 5/5
    72 | D:2      | Reached XP level 2. HP: 19/20 MP: 5/7
   152 | D:4      | Noticed a scorpion
   168 | D:4      | Slain by a scorpion

Illustrated notes

Levels and vault maps discovered:
D:1:      heliophobic_arrival_henge, layout_rooms
D:2:      wad_lake_hut, layout_basic, chequers_serial_rivers_room_b
D:3:      layout_rooms, lemuel_zombie_altar_yredelemnul,
          mainiacjoe_overflow_two_lobes, hangedman_decor_growths,
          minmay_fountain_box, corexii_shack, minivault_24,
          grunt_decor_junction, goddamned_bats
D:4:      layout_cave_pools, gammafunk_temple_overflow_pools

Skill      XL: |  1 |
---------------+----+-----
Spellcasting   | 3 |  3.0
Dodging        | |  2.4
Stealth        | |  1.4
Ice Magic      | |  4.5

Action                   || total
-------------------------++-------
Melee: Unarmed           ||     2
 Cast: Freeze            ||     8
  Use: Scroll            ||     2
Armor: Robe              ||     2
Dodge: Dodged            ||     5
